 Dungeon Crawl Stone Soup version 0.23-a0-860-g8ff03fb (webtiles) character file.

100 Amnesiac the Cutter (level 4, -1/28 HPs)
             Began as a Tengu Fighter on Jan 28, 2019.
             Slain by a gnoll
             ... wielding a +0 halberd
              (7 damage)
             ... on level 4 of the Dungeon.
             The game lasted 00:01:14 (590 turns).

Amnesiac the Cutter (Tengu Fighter)                  Turns: 590, Time: 00:01:15

Health: -1/28      AC:  6    Str: 17    XL:     4   Next: 74%
Magic:  5/5        EV:  7    Int:  8    God:
Gold:   46         SH:  9    Dex: 14    Spells: 3/3 levels left

rFire    . . .     SeeInvis .   b - +1 dagger (freeze)
rCold    . . .     Gourm    .   c - +0 shield
rNeg     . . .     Faith    .   h - +0 scale mail
rPois    .         Spirit   .   (helmet restricted)
rElec    .         Reflect  .   (no cloak)
rCorr    .         Harm     .   (no gloves)
MR       .....                  (boots unavailable)
Stlth    ..........             (no amulet)
HPRegen  0.09/turn              (no ring)
MPRegen  0.09/turn              (no ring)

@: no status effects
A: beak, talons 3
a: no special abilities


You were on level 4 of the Dungeon.
You were not hungry.

You visited 1 branch of the dungeon, and saw 4 of its levels.

You collected 46 gold pieces.

Inventory:

Hand Weapons
 a - a +0 rapier
 b - a +1 dagger of freezing (weapon)
Armour
 c - a +0 shield (worn)
 h - a +0 scale mail (worn)
Scrolls
 e - a scroll of immolation {!r, unknown}
 j - a scroll of noise {!r, unknown}
Potions
 d - a potion of might {!q}
 i - 2 potions of curing {!q, unknown}
Comestibles
 f - a ration
 g - 2 chunks of flesh


   Skills:
 - Level 3.0 Fighting
 + Level 5.3 Short Blades
 - Level 3.2 Armour
 - Level 3.0 Shields


You had 3 spell levels left.
You didn't know any spells.
Your spell library was empty.

Dungeon Overview and Level Annotations

Branches:
Dungeon (4/15)
 Temple: D:4-7

Altars:
Ru


Innate Abilities, Weirdness & Mutations

You have a beak for a mouth.
You have claws for feet.


Message History

j - a scroll labeled LARESOPOFE {!r} A gnoll comes into view.
It is wielding a +0 halberd.
A gnoll comes into view.
There is a stone staircase leading down here.
There is an open door here.
You hit the gnoll. You freeze the gnoll. You claw the gnoll.
The gnoll is severely wounded.
You hit the gnoll. You freeze the gnoll.
You kill the gnoll!
Your Short Blades skill increases to level 5!
You block the gnoll's attack.
You hit the gnoll but do no damage. You claw the gnoll, but do no damage.
You peck the gnoll, but do no damage. You hit the gnoll. You freeze the gnoll.
You claw the gnoll!
The gnoll is almost dead.
The gnoll hits you but does no damage.
You closely miss the gnoll.
The gnoll is almost dead.
You block the gnoll's attack.
You hit the gnoll but do no damage.
The gnoll is almost dead.
You block the gnoll's attack.
You hit the gnoll. You freeze the gnoll.
You kill the gnoll! 2 gnolls come into view.
The gnoll shouts!
There is an open door here.
You see here a gnoll corpse.
There are monsters nearby!
There are monsters nearby!
You hit the gnoll. You freeze the gnoll.
The gnoll is lightly wounded.
You block the gnoll's attack.
You hit the gnoll but do no damage. You peck the gnoll, but do no damage.
The gnoll is lightly wounded.
The gnoll hits you with a +0 whip.
You closely miss the gnoll.
The gnoll is lightly wounded.
You block the gnoll's attack. x2
Some of the chunks of flesh in your inventory have rotted away.
You hit the gnoll but do no damage. You peck the gnoll.
The gnoll is heavily wounded.
You hit the gnoll. You freeze the gnoll. You peck the gnoll.
You kill the gnoll!
The gnoll hits you from afar with a +0 halberd.
The gnoll hits you with a +0 halberd!
* * * LOW HITPOINT WARNING * * *
There is an open door, spattered with blood here.
Things that are here:
a +0 whip; a gnoll corpse You are too injured to fight recklessly!
You are too injured to fight recklessly!
You are too injured to fight recklessly!
You are too injured to fight recklessly!
You barely miss the gnoll. You claw the gnoll.
The gnoll is moderately wounded.
The gnoll hits you with a +0 halberd.
* * * LOW HITPOINT WARNING * * *
You hit the gnoll but do no damage.
The gnoll is moderately wounded.
You hit the gnoll but do no damage. You claw the gnoll.
The gnoll is heavily wounded.
The gnoll hits you with a +0 halberd!
You die...

##...#....####..# ......
#....#...........
.......#....#...........
..[...+....#...........
#...##....#.#######.##
#####...##....#)#....##.##
.........#................
.........#.<..............
........g@)...............
##.....##...###...##...##
########'#####.#+##...##
#................+
#................#
#................#
#................#
#................#
#................#


You could see a gnoll.

Vanquished Creatures
  A bullfrog skeleton (D:4)
  An iguana (D:4)
  3 gnolls (D:4)
  A worm (D:2)
  A dart slug (D:1)
  2 bats
  2 hobgoblins (D:1)
  A quokka (D:4)
  A frilled lizard (D:2)
  A goblin (D:1)
  A kobold (D:2)
15 creatures vanquished.

Notes
Turn   | Place    | Note
-------+----------+-------------------------------------------
     0 | D:1      | Amnesiac the Tengu Fighter began the quest for the Orb.
     0 | D:1      | Reached XP level 1. HP: 14/14 MP: 2/2
    76 | D:1      | Reached skill level 3 in Short Blades
    76 | D:1      | Reached XP level 2. HP: 17/19 MP: 3/3
   411 | D:4      | Reached skill level 4 in Short Blades
   411 | D:4      | Reached XP level 3. HP: 20/23 MP: 4/4
   435 | D:4      | Reached XP level 4. HP: 26/28 MP: 5/5
   487 | D:4      | Found a sacrificial altar of Ru.
   571 | D:4      | Reached skill level 5 in Short Blades
   590 | D:4      | Slain by a gnoll

Vault maps used:
D:1:      minmay_arrival_doors, serial_forest, infiniplex_forest_diagonal,
          infiniplex_forest_zigzag_1, infiniplex_forest_straight_1,
          infiniplex_forest_clump_curved, infiniplex_forest_end_2,
          infiniplex_forest_clump_diagonal, infiniplex_forest_clump_curved,
          minmay_tromino_v2
D:2:      hangedman_decor_riveting
D:3:      lemuel_blue_sif_altar, nemelex_xobeh_ov_fountains_minmay,
          minmay_crystal_water, nemelex_spade_bored_becter
D:4:      nicolae_ru_the_path_less_chosen

Skill      XL: |  1  2  3  4 |
---------------+-------------+-----
Short Blades   | 3 4 5 |  5.3
Fighting       | |  3.0
Armour         | |  3.2
Shields        | |  3.0

Action                   |  1- 3 |  4- 6 || total
-------------------------+-------+-------++-------
Melee: Rapier            |    26 |       ||    26
       Peck              |     6 |     4 ||    10
       Kick              |     4 |     5 ||     9
       Dagger            |     4 |    16 ||    20
Armor: Scale mail        |     7 |     1 ||     8
Dodge: Dodged            |     5 |       ||     5
Block: Shield            |     9 |     6 ||    15

Table legend:
 A = Non-vault XP
 B = Vault XP
 C = Vault XP percentage of total XP
 D = Non-vault monster count
 E = Vault monster count
 F = Vault count percentage of total count
                 A         B        C        D         E       F
            +---------+---------+-------+---------+---------+-------
      Total |     144 |       0 |   0.0 |      15 |       0 |   0.0
            +---------+---------+-------+---------+---------+-------
        D:1 |      11 |       0 |   0.0 |       5 |       0 |   0.0
        D:2 |       7 |       0 |   0.0 |       3 |       0 |   0.0
        D:3 |       1 |       0 |   0.0 |       1 |       0 |   0.0
        D:4 |     125 |       0 |   0.0 |       6 |       0 |   0.0
            +---------+---------+-------+---------+---------+-------
